ITL
BIRMINGHAM BARONS @ ALLENTOWN HILLBILLIES
06/07/2027
 
TOP OF THE 1ST
Birmingham Barons batting - Pitching for Allentown Hillbillies : RHP Pepe Fernández
Pitching: RHP Pepe Fernández
Batting: LHB Al Gaines 0-0: Called Strike
0-1: DOUBLE (Line Drive, 89M)
Batting: RHB Warren Martin 0-0: SINGLE (Groundball, 5) (infield hit)
Al Gaines to third
Batting: SHB Anastasio Ortíz 0-0: Fly out, F8 (Flyball, 8RM)
Runner from 3rd tags up, SCORES, no throw
Batting: RHB Jean-Paul St-Pierre 0-0: Foul Ball, location: 2F
0-1: Swinging Strike
0-2: Strikes out swinging
Batting: RHB Vicente Elías 0-0: Called Strike
0-1: Swinging Strike
0-2: Ball
1-2: Strikes out swinging
Top of the 1st over - 1 run(s), 2 hit(s), 0 error(s), 1 left on base; Birmingham 1 - Allentown 0
BOTTOM OF THE 1ST
Allentown Hillbillies batting - Pitching for Birmingham Barons : RHP Stanley Briggs
Pitching: RHP Stanley Briggs
Batting: LHB Marcos Vargas 0-0: Foul Ball, location: 2F
0-1: Called Strike
0-2: Foul Ball, location: 2F
0-2: Ball
1-2: Ball
2-2: Ball
3-2: Foul Ball, location: 2F
3-2: Foul Ball, location: 2F
3-2: Ground out U3 (Groundball, 34)
Batting: LHB Miguel Colón 0-0: Ball
1-0: Ball
2-0: Swinging Strike
2-1: Swinging Strike
2-2: Ball
3-2: Fly out, F8 (Flyball, 78XD)
Batting: RHB Bartolo López 0-0: Ball
1-0: Called Strike
1-1: Fly out, F8 (Flyball, 8RD)
Bottom of the 1st over - 0 run(s), 0 hit(s), 0 error(s), 0 left on base; Birmingham 1 - Allentown 0
TOP OF THE 2ND
Birmingham Barons batting - Pitching for Allentown Hillbillies : RHP Pepe Fernández
Batting: RHB Peyton Yardley 0-0: Ball
1-0: Swinging Strike
1-1: Ground out 6-3 (Groundball, 6)
Batting: RHB Dave Dawson 0-0: Ball
1-0: Ball
2-0: Ball
3-0: Called Strike
3-1: Fly out, F7 (Flyball, 78S)
Batting: RHB José Carlos Caraballo 0-0: DOUBLE (Line Drive, 3D)
Batting: RHB David Raymos 0-0: Ball
1-0: Ball
2-0: Fly out, F9 (Flyball, 9S)
Top of the 2nd over - 0 run(s), 1 hit(s), 0 error(s), 1 left on base; Birmingham 1 - Allentown 0
BOTTOM OF THE 2ND
Allentown Hillbillies batting - Pitching for Birmingham Barons : RHP Stanley Briggs
Batting: RHB Donald Sanford 0-0: Ball
1-0: Ball
2-0: Fly out, F9 (Flyball, 9LM)
Batting: LHB Rafael Flores 0-0: Foul Ball, location: 2F
0-1: Swinging Strike
0-2: SINGLE (Groundball, 3D)
Batting: RHB Jimmy Simon 0-0: Ball
1-0: Called Strike
1-1: Ball
2-1: Swinging Strike
2-2: Ball
3-2: Fly out, F8 (Line Drive, 8LM)
Batting: LHB Mason Mabbett 0-0: Ball
1-0: Swinging Strike
1-1: Fly out, F9 (Flyball, 9LD)
Bottom of the 2nd over - 0 run(s), 1 hit(s), 0 error(s), 1 left on base; Birmingham 1 - Allentown 0
TOP OF THE 3RD
Birmingham Barons batting - Pitching for Allentown Hillbillies : RHP Pepe Fernández
Batting: LHB Al Gaines 0-0: DOUBLE (Groundball, 3L)
Batting: RHB Warren Martin 0-0: Swinging Strike
0-1: Fly out, F8 (Flyball, 89S)
Batting: SHB Anastasio Ortíz 0-0: Ball
1-0: Foul Ball, location: 2F
1-1: DOUBLE (Line Drive, 78D)
Al Gaines scores
Batting: RHB Jean-Paul St-Pierre 0-0: Called Strike
0-1: Ball
1-1: Foul Ball, location: 2F
1-2: Fly out, F7 (Flyball, 7D)
Runner from 2nd tags up, SAFE at 3rd, no throw
Batting: RHB Vicente Elías 0-0: Ball
1-0: Swinging Strike
1-1: Swinging Strike
1-2: Foul Ball, location: 2F
1-2: Ball
2-2: Foul Ball, location: 2F
2-2: Ground out U3 (Groundball, 34S)
Top of the 3rd over - 1 run(s), 2 hit(s), 0 error(s), 1 left on base; Birmingham 2 - Allentown 0
BOTTOM OF THE 3RD
Allentown Hillbillies batting - Pitching for Birmingham Barons : RHP Stanley Briggs
Batting: LHB Eduardo Rodríguez 0-0: Called Strike
0-1: Ball
1-1: Ball
2-1: Ball
3-1: Base on Balls
Batting: RHB Joel Jackson 0-0: Ball
1-0: Called Strike
1-1: Ball
2-1: Fly out, F9 (Flyball, 9S)
Batting: LHB Marcos Vargas 0-0: Ball
1-0: Foul Ball, location: 2F
1-1: Ball
2-1: Ball
3-1: SINGLE (Line Drive, 34D)
Eduardo Rodríguez to second
Runner from 2nd tries for 3rd, SAFE, throw made to third
Marcos Vargas to second
Batting: LHB Miguel Colón 0-0: Called Strike
0-1: Ball
1-1: Ball
2-1: Ball
3-1: Called Strike
3-2: Foul Ball, location: 2F
3-2: Fly out, F7 (Flyball, 7LMF)
Runner from 3rd tags up, SCORES, no throw
Batting: RHB Bartolo López 0-0: SINGLE (Line Drive, 56)
Marcos Vargas to third
Runner from 3rd tries for Home, SAFE, no throw
Batting: RHB Donald Sanford 0-0: Called Strike
0-1: Foul Ball, location: 2F
0-2: Ball
1-2: Ball
2-2: Ball
3-2: Strikes out looking
Bottom of the 3rd over - 2 run(s), 2 hit(s), 0 error(s), 1 left on base; Birmingham 2 - Allentown 2
TOP OF THE 4TH
Birmingham Barons batting - Pitching for Allentown Hillbillies : RHP Pepe Fernández
Batting: RHB Peyton Yardley 0-0: Ball
1-0: DOUBLE (Groundball, 5L)
Pitching: RHP Jorge Ruíz
Batting: RHB Dave Dawson 0-0: Ball
1-0: SINGLE (Flyball, 8RS)
Peyton Yardley to third
Runner from 3rd tries for Home, SAFE, no throw
Batting: RHB José Carlos Caraballo 0-0: Foul Ball, location: 2F
0-1: Fly out, F4 (Line Drive, 4)
Batting: RHB David Raymos 0-0: Swinging Strike
0-1: Foul Ball, location: 2F
0-2: Ball
1-2: Fly out, F7 (Line Drive, 78S)
Batting: LHB Al Gaines 0-0: Ball
1-0: Swinging Strike
1-1: Called Strike
1-2: Foul Ball, location: 2F
1-2: Foul Ball, location: 2F
1-2: Strikes out looking
Top of the 4th over - 1 run(s), 2 hit(s), 0 error(s), 1 left on base; Birmingham 3 - Allentown 2
BOTTOM OF THE 4TH
Allentown Hillbillies batting - Pitching for Birmingham Barons : RHP Stanley Briggs
Batting: LHB Rafael Flores 0-0: Fly out, F8 (Flyball, 8LD)
Batting: RHB Jimmy Simon 0-0: Fly out, F4 (Line Drive, 4)
Batting: LHB Mason Mabbett 0-0: Ball
1-0: Foul Ball, location: 2F
1-1: Ball
2-1: Ball
3-1: SINGLE (Groundball, 4MD)
Batting: LHB Eduardo Rodríguez 0-0: Foul Ball, location: 2F
0-1: Called Strike
0-2: Strikes out looking
Bottom of the 4th over - 0 run(s), 1 hit(s), 0 error(s), 1 left on base; Birmingham 3 - Allentown 2
TOP OF THE 5TH
Birmingham Barons batting - Pitching for Allentown Hillbillies : RHP Jorge Ruíz
Batting: RHB Warren Martin 0-0: Bunted foul
0-1: Ball
1-1: Foul Ball, location: 2F
1-2: Foul Ball, location: 2F
1-2: Ball
2-2: Fly out, F8 (Flyball, 8RM)
Batting: SHB Anastasio Ortíz 0-0: Called Strike
0-1: Fly out, F7 (Flyball, 7LM)
Batting: RHB Jean-Paul St-Pierre 0-0: Called Strike
0-1: Swinging Strike
0-2: Strikes out swinging
Top of the 5th over - 0 run(s), 0 hit(s), 0 error(s), 0 left on base; Birmingham 3 - Allentown 2
BOTTOM OF THE 5TH
Allentown Hillbillies batting - Pitching for Birmingham Barons : RHP Stanley Briggs
Batting: RHB Joel Jackson 0-0: Ball
1-0: Fly out, F7 (Flyball, 7LSF)
Batting: LHB Marcos Vargas 0-0: Ball
1-0: Fly out, F8 (Flyball, 8RXD)
Batting: LHB Miguel Colón 0-0: Ball
1-0: Foul Ball, location: 2F
1-1: Fly out, F7 (Flyball, 7)
Bottom of the 5th over - 0 run(s), 0 hit(s), 0 error(s), 0 left on base; Birmingham 3 - Allentown 2
TOP OF THE 6TH
Birmingham Barons batting - Pitching for Allentown Hillbillies : RHP Jorge Ruíz
Batting: RHB Vicente Elías 0-0: Swinging Strike
0-1: Swinging Strike
0-2: Strikes out swinging
Batting: RHB Peyton Yardley 0-0: Swinging Strike
0-1: Ball
1-1: Foul Ball, location: 2F
1-2: Ground out 6-3 (Groundball, 56)
Pitching: LHP Alejandro Castillo
Batting: RHB Dave Dawson 0-0: Ball
1-0: Ball
2-0: Called Strike
2-1: Foul Ball, location: 2F
2-2: Strikes out swinging
Top of the 6th over - 0 run(s), 0 hit(s), 0 error(s), 0 left on base; Birmingham 3 - Allentown 2
BOTTOM OF THE 6TH
Allentown Hillbillies batting - Pitching for Birmingham Barons : RHP Stanley Briggs
Batting: RHB Bartolo López 0-0: Called Strike
0-1: Swinging Strike
0-2: Strikes out swinging
Batting: RHB Donald Sanford 0-0: Ball
1-0: Fly out, F9 (Flyball, 89XD)
Batting: LHB Rafael Flores 0-0: Ball
1-0: Ball
2-0: Called Strike
2-1: Called Strike
2-2: Strikes out swinging
Bottom of the 6th over - 0 run(s), 0 hit(s), 0 error(s), 0 left on base; Birmingham 3 - Allentown 2
TOP OF THE 7TH
Birmingham Barons batting - Pitching for Allentown Hillbillies : LHP Alejandro Castillo
Batting: RHB José Carlos Caraballo 0-0: Called Strike
0-1: Called Strike
0-2: Strikes out looking
Batting: RHB David Raymos 0-0: Foul Ball, location: 2F
0-1: Ground out 5-3 (Groundball, 5S)
Batting: LHB Al Gaines 0-0: Ball
1-0: Fly out, F8 (Flyball, 8RD)
Top of the 7th over - 0 run(s), 0 hit(s), 0 error(s), 0 left on base; Birmingham 3 - Allentown 2
BOTTOM OF THE 7TH
Allentown Hillbillies batting - Pitching for Birmingham Barons : RHP Stanley Briggs
Batting: RHB Jimmy Simon 0-0: SINGLE (Groundball, 4MD)
Batting: LHB Mason Mabbett 0-0: Foul Ball, location: 2F
0-1: Ball
1-1: Ball
2-1: Swinging Strike
2-2: Foul Ball, location: 2F
2-2: Strikes out swinging
Batting: LHB Eduardo Rodríguez 0-0: TRIPLE (Flyball, 78XD)
Jimmy Simon scores
Batting: RHB Joel Jackson 0-0: Ball
1-0: Called Strike
1-1: SINGLE (Line Drive, 7LS)
Eduardo Rodríguez scores
Pitching: RHP Jim Hicks
Batting: LHB Marcos Vargas 0-0: Ball
1-0: Called Strike
1-1: Fly out, F9 (Flyball, 9S)
Batting: LHB Miguel Colón 0-0: Swinging Strike
0-1: Ball
1-1: Swinging Strike
1-2: Strikes out looking
Bottom of the 7th over - 2 run(s), 3 hit(s), 0 error(s), 1 left on base; Birmingham 3 - Allentown 4
TOP OF THE 8TH
Birmingham Barons batting - Pitching for Allentown Hillbillies : LHP Alejandro Castillo
Pitching: RHP Dale Downs
Batting: RHB Warren Martin 0-0: Swinging Strike
0-1: DOUBLE (Flyball, 89D)
Pinch Hitting: LHB Marc May 0-0: Ball
1-0: Foul Ball, location: 2F
1-1: Called Strike
1-2: Fly out, F8 (Flyball, 89D)
Runner from 2nd tags up, SAFE at 3rd, no throw
Pinch Hitting: LHB Curt Walker 0-0: Ground out 1-3 (Groundball, 13S)
Pinch Hitting: RHB Yujiro Kurihara 0-0: SINGLE (Flyball, 9S)
Warren Martin scores
Pinch Hitting: LHB Lee Reeves 0-0: Ball
1-0: Called Strike
1-1: Ball
2-1: Ball
3-1: Base on Balls
Yujiro Kurihara to second
Batting: RHB Dave Dawson 0-0: Ball
1-0: Foul Ball, location: 2F
1-1: Foul Ball, location: 2F
1-2: Foul Ball, location: 2F
1-2: Ball
2-2: Foul Ball, location: 2F
2-2: Ball
3-2: Base on Balls
Yujiro Kurihara to third
Lee Reeves to second
Batting: RHB José Carlos Caraballo 0-0: Swinging Strike
0-1: Swinging Strike
0-2: Ball
1-2: Ball
2-2: Foul Ball, location: 2F
2-2: Strikes out looking
Top of the 8th over - 1 run(s), 2 hit(s), 0 error(s), 3 left on base; Birmingham 4 - Allentown 4
BOTTOM OF THE 8TH
Allentown Hillbillies batting - Pitching for Birmingham Barons : RHP Jim Hicks
Now at 1B: Lee Reeves
Now at 3B: Curt Walker
Now at SS: Andrew Curran
Now in LF: Marc May
Batting: RHB Bartolo López 0-0: Ball
1-0: Called Strike
1-1: Called Strike
1-2: Ground out 4-3 (Groundball, 4M)
Pinch Hitting: RHB Diego Rivera 0-0: Ground out 6-3 (Groundball, 56)
Batting: LHB Rafael Flores 0-0: Ball
1-0: Ground out 4-3 (Groundball, 34)
Bottom of the 8th over - 0 run(s), 0 hit(s), 0 error(s), 0 left on base; Birmingham 4 - Allentown 4
TOP OF THE 9TH
Birmingham Barons batting - Pitching for Allentown Hillbillies : RHP Dale Downs
Pitching: LHP Nick Merrit
Now at 3B: António Yánez
Pinch Hitting: RHB Juan Jiménez 0-0: Ball
1-0: Ball
2-0: Ball
3-0: Base on Balls
Batting: LHB Al Gaines 0-0: Sac Bunt - play at first, batter OUT! 1-4
Juan Jiménez to second
Batting: RHB Warren Martin 0-0: Intentional Walk
Pinch Hitting: RHB Vicente Carona 0-0: Grounds into double play, 5-4-3 (Groundball, 56)
Top of the 9th over - 0 run(s), 0 hit(s), 0 error(s), 1 left on base; Birmingham 4 - Allentown 4
BOTTOM OF THE 9TH
Allentown Hillbillies batting - Pitching for Birmingham Barons : RHP Jim Hicks
Pitching: RHP Gabriel Oliuo
Now at C: Vicente Carona
Now in LF: Pete Smith
Batting: RHB Jimmy Simon 0-0: Swinging Strike
0-1: Ball
1-1: Ball
2-1: Ball
3-1: Fly out, F9 (Flyball, 9)
Batting: LHB Mason Mabbett 0-0: Ball
1-0: Called Strike
1-1: Ball
2-1: Foul Ball, location: 2F
2-2: Strikes out swinging
Batting: LHB Eduardo Rodríguez 0-0: Ball
1-0: Ball
2-0: Ball
3-0: Called Strike
3-1: Called Strike
3-2: Base on Balls
Batting: RHB Joel Jackson 0-0: Called Strike
0-1: Ball
1-1: Ball
Eduardo Rodríguez steals 2nd base
2-1: Swinging Strike
2-2: Ball
3-2: Strikes out looking
Bottom of the 9th over - 0 run(s), 0 hit(s), 0 error(s), 1 left on base; Birmingham 4 - Allentown 4
TOP OF THE 10TH
Birmingham Barons batting - Pitching for Allentown Hillbillies : LHP Nick Merrit
Pinch Hitting: RHB Leonel Mora 0-0: Ball
1-0: Called Strike
1-1: Ball
2-1: Ball
3-1: Foul Ball, location: 2F
3-2: Strikes out looking
Batting: SHB Andrew Curran 0-0: Fly out, F9 (Line Drive, 89M)
Batting: LHB Lee Reeves 0-0: Ball
1-0: Called Strike
1-1: Fly out, F9 (Line Drive, 9)
Top of the 10th over - 0 run(s), 0 hit(s), 0 error(s), 0 left on base; Birmingham 4 - Allentown 4
BOTTOM OF THE 10TH
Allentown Hillbillies batting - Pitching for Birmingham Barons : RHP Gabriel Oliuo
Now at 3B: Leonel Mora
Batting: LHB Marcos Vargas 0-0: Ball
1-0: Ball
2-0: Ball
3-0: Called Strike
3-1: Called Strike
3-2: Base on Balls
Batting: LHB Miguel Colón 0-0: Sac Bunt - play at first, batter OUT! 1-4
Marcos Vargas to second
Batting: RHB Bartolo López 0-0: Intentional Walk
Pinch Hitting: RHB Marc Cox 0-0: Ball
1-0: Called Strike
1-1: Fly out, F6 (Line Drive, 6M)
Batting: LHB Rafael Flores 0-0: Foul Ball, location: 2F
0-1: Swinging Strike
0-2: Hit by Pitch
Marcos Vargas to third
Bartolo López to second
Batting: RHB Jimmy Simon 0-0: Called Strike
0-1: SINGLE (Groundball, 4D)
Marcos Vargas scores
Thursday, March 30th, 2017 - OOTP Baseball 17.12 Build 75